 Dungeon Crawl Stone Soup version 0.27.1-1-g398f81649c (webtiles) character file.

Game seed: 2638676927780038118

616 Descartes the Covert (level 7, -5/31 HPs)
             Began as a Felid Monk on Sept 15, 2021.
             Slain by a kobold brigand (7 damage)
             ... on level 6 of the Dungeon.
             The game lasted 00:09:20 (6527 turns).

Descartes the Covert (Felid Monk)                   Turns: 6527, Time: 00:09:21

Health: -5/31      AC:  2    Str: 15    XL:     7   Next: 21%
Magic:  8/8        EV: 21    Int: 11    God:
Gold:   253        SH:  0    Dex: 19    Spells: 3/6 levels left
                                        Lives:  0   Deaths: 2

rFire    . . .     SeeInvis +     - Unarmed
rCold    . . .     Faith    .   (shield unavailable)
rNeg     . . .     Spirit   .   (armour unavailable)
rPois    .         Reflect  .   (helmet unavailable)
rElec    .         Harm     .   (cloak unavailable)
rCorr    .         Rampage  .   (gloves unavailable)
Will     +....                  (boots unavailable)
Stlth    ++++......             (no amulet)
HPRegen  0.10/turn              i - +6 ring of strength
MPRegen  0.11/turn              e - ring of wizardry

@: lethally poisoned (-5 -> -9), quick
A: very small, claws 1, fangs 3, see invisible, speed 1, shaggy fur 2, stealthy
paws, no weapons or thrown items, no armour, multi-lived
a: no special abilities


You were on level 6 of the Dungeon.
You visited 1 branch of the dungeon, and saw 6 of its levels.

You collected 253 gold pieces.

Inventory:

Missiles
 b - 148 stones
Jewellery
 e - a ring of wizardry (right paw)
 i - a +6 ring of strength (left paw)
Wands
 f - a wand of flame (13)
 h - a wand of paralysis (9)
 k - a wand of digging (6)
Scrolls
 a - a scroll of identify {unknown}
 d - 3 scrolls of fog {unknown}
 g - a scroll of enchant weapon {unknown}
 j - a scroll of vulnerability {unknown}
 n - 3 scrolls of teleportation {unknown}
 o - a scroll of immolation {unknown}
Potions
 c - a potion of invisibility {unknown}
 l - a potion of brilliance
 m - a potion of resistance {unknown}
 p - 2 potions of curing {unknown}


   Skills:
 - Level 3.0 Fighting
 + Level 6.8 Dodging
 * Level 9.1 Stealth
 + Level 5.2 Unarmed Combat
 + Level 1.1 Hexes
 + Level 3.7 Evocations


You had 3 spell levels left.
You knew the following spells:

 Your Spells              Type           Power      Damage    Failure   Level
a - Dazzling Flash        Conj/Hex       2%         N/A       32%         3

Your spell library contained the following spells:

 Spells                   Type           Power      Damage    Failure   Level
 Corpse Rot               Necr/Air       N/A        N/A       21%         2
 Poisonous Vapours        Pois/Air       0%         N/A       21%         2
 Iskenderun's Mystic Bla  Conj/Tloc      0%         2d3       77%         4
 Freezing Cloud           Conj/Ice/Air   0%         6-21      98%         5
 Starburst                Conj/Fire      0%         6d3       100%        6
 Malign Gateway           Summ/Tloc      0%         N/A       100%        7
 Summon Horrible Things   Summ           0%         N/A       100%        8


Dungeon Overview and Level Annotations

Branches:
Dungeon (6/15)             Temple (0/1) D:4

Altars:
Xom
Beogh

Annotations:
D:3 1 runed translucent door, Crazy Yiuf
D:4 Grinder


Innate Abilities, Weirdness & Mutations

You have sharp claws.
You have razor-sharp teeth.
You have supernaturally acute eyesight. (SInv)
You cover ground quickly. (Speed+)
You are covered in thick fur. (AC +2)
Your paws help you pounce on unaware monsters.
You are incapable of wielding weapons or throwing items.
You cannot wear armour.
You gain extra lives every three experience levels.


Message History

You closely miss the phantom.
The phantom is moderately damaged.
The phantom completely misses you.
You claw the phantom! You bite the phantom.
The phantom is severely damaged.
The phantom barely misses you.
You closely miss the phantom.
The phantom is severely damaged.
The phantom completely misses you.
You claw the phantom!
You destroy the phantom!
Your life force feels restored.
Your Hexes skill increases to level 1!
No target in view!
A kobold is nearby!
The kobold brigand shouts!
The kobold shouts!
You scratch the kobold.
You kill the kobold!
The kobold brigand throws a poisoned dart.
The poisoned dart hits you!
You are poisoned.
You feel sick.
The kobold brigand completely misses you.
You barely miss the kobold brigand. You claw the kobold brigand.
The kobold brigand is lightly wounded.
You feel sick.
The kobold brigand hits you with a +0 short sword!
* * * LOW HITPOINT WARNING * * *
You are too injured to fight recklessly!
You are too injured to fight recklessly!
You completely miss the kobold brigand.
The kobold brigand is lightly wounded.
* * * LOW HITPOINT WARNING * * *
You feel sick. The kobold brigand misses you.
You scratch the kobold brigand.
The kobold brigand is moderately wounded.
* * * LOW HITPOINT WARNING * * *
You feel sick.
The kobold brigand hits you with a +0 short sword!
You die...

.....#.#.#.# ...
.....#... #.... ...
.....#######.... ....
...... ........## ...
...... ..........##..##
..................#...#
..........(...........#.
................K.......
.......>.....>..@)......
........#...............
........#...............
.#......................
.................$.#.###
.....................#
..#....<.............#
#....................
##.....................


You could see a kobold brigand.

Vanquished Creatures
  Edmund (D:4)
  A black bear (D:5)
  2 phantoms
  Blork the orc (D:6)
  A bullfrog (D:4)
  A scorpion (D:4)
  A wight (D:5)
  A howler monkey (D:4)
  A centaur zombie (D:5)
  A bullfrog zombie (D:4)
  3 hounds (D:5)
  2 jellies
  An iguana (D:6)
  An orc wizard (D:6)
  7 adders
  A gnoll (D:6)
  2 ufetubi (D:5)
  A worm (D:5)
  5 dart slugs
  6 orcs
  7 ball pythons
  8 bats
  4 endoplasms
  6 giant cockroaches
  8 goblins
  5 hobgoblins
  3 jackals (D:2)
  4 quokkas
  5 frilled lizards
  12 kobolds
  5 rats
107 creatures vanquished.

Vanquished Creatures (others)
  A fungus (D:3)
1 creature vanquished.

Grand Total: 108 creatures vanquished

Notes
Turn   | Place    | Note
-------+----------+-------------------------------------------
     0 | D:1      | Descartes the Felid Monk began the quest for the Orb.
     0 | D:1      | Reached XP level 1. HP: 10/10 MP: 2/2
    61 | D:1      | Reached skill level 3 in Stealth
    70 | D:1      | Reached XP level 2. HP: 5/14 MP: 3/3
   328 | D:1      | Found a faded altar of an unknown god.
   908 | D:1      | Reached skill level 4 in Stealth
  1034 | D:1      | Reached XP level 3. HP: 16/17 MP: 4/4
  1658 | D:2      | Reached XP level 4. HP: 21/21 MP: 5/5
  1933 | D:2      | You fall into a shaft and drop 1 floor!
  2019 | D:3      | Reached skill level 5 in Stealth
  2396 | D:3      | Reached skill level 5 in Dodging
  2620 | D:3      | You fall into a shaft and drop 2 floors!
  2620 | D:5      | Entered Level 5 of the Dungeon
  2621 | D:5      | Noticed a phantom
  2881 | D:4      | Noticed Grinder
  2934 | D:4      | Noticed a scorpion
  2959 | D:4      | HP: 1/21 [poisoned by a scorpion]
  2960 | D:4      | Succumbed to a scorpion's poison
  2961 | D:4      | Reached XP level 3. HP: 0/17 MP: 4/4
  2971 | D:4      | Reached XP level 4. HP: 20/21 MP: 5/5
  2989 | D:4      | Killed a scorpion
  2990 | D:4      | Reached skill level 6 in Stealth
  2990 | D:4      | Reached skill level 1 in Evocations
  2990 | D:4      | Reached XP level 5. HP: 24/24 MP: 6/6
  3036 | D:4      | Noticed Edmund
  3201 | D:4      | Found a staircase to the Ecumenical Temple.
  3227 | D:3      | Learned a level 3 spell: Dazzling Flash
  3715 | D:3      | Found a runed translucent door.
  3716 | D:3      | Noticed Crazy Yiuf
  3822 | D:4      | Gained mutation: You are covered in thick fur. (AC +2)
                  | [Felid growth]
  3822 | D:4      | Reached XP level 6. HP: 19/28 MP: 7/7
  4496 | D:4      | Killed Edmund
  4497 | D:4      | Reached skill level 7 in Stealth
  4962 | D:5      | Reached XP level 7. HP: 13/31 MP: 8/8
  5057 | D:5      | Reached skill level 8 in Stealth
  5726 | D:6      | Noticed Blork the orc
  5731 | D:6      | Killed Blork the orc
  5732 | D:6      | Reached skill level 5 in Unarmed Combat
  5766 | D:6      | Identified the ring "Ysaaduk" {rC+ rN+}
  5777 | D:6      | Slain by a gnoll
  5778 | D:6      | Reached XP level 6. HP: -3/28 MP: 7/7
  5841 | D:6      | Found a shimmering altar of Xom.
  6024 | D:5      | Reached skill level 9 in Stealth
  6024 | D:5      | Reached XP level 7. HP: 13/31 MP: 8/8
  6516 | D:6      | Reached skill level 1 in Hexes
  6527 | D:6      | Slain by a kobold brigand

Illustrated notes

Levels and vault maps discovered:
D:1:      lightli_arrival_maybe_door_vault, layout_basic,
          hellmonk_ecumenical_altar_defaced_shrine, minmay_close_crescents
D:2:      layout_rooms, grunt_ministairs_8, hex_large
D:3:      layout_basic, uniq_crazy_yiuf_cottage
D:4:      layout_basic, temple_fountains, uniq_grinder, uniq_edmund
D:5:      layout_loops_ring, kennysheep_dice
D:6:      layout_cave_pools, kennysheep_little_box, kennysheep_flooded_box,
          uniq_blork_the_orc

Skill      XL: |  1  2  3  4  5  6  7 |
---------------+----------------------+-----
Stealth        | 3 4 6 9 8 |  9.1
Dodging        | 5 6 |  6.8
Unarmed Combat | 4 5 |  5.2
Evocations     | 1 2 3 |  3.7
Hexes          | 1 |  1.1
Fighting       | |  3.0

Action                   |  1- 3 |  4- 6 |  7- 9 || total
-------------------------+-------+-------+-------++-------
Melee: Unarmed           |   122 |   216 |    40 ||   378
       Bite              |    11 |    25 |     4 ||    40
       Punch             |     4 |     2 |     1 ||     7
  Use: Potion            |     1 |     6 |       ||     7
 Stab: Sleeping          |     7 |    15 |     3 ||    25
       Distracted        |       |     1 |     1 ||     2
Armor: Skin              |     7 |     6 |     2 ||    15
Dodge: Dodged            |   130 |   183 |    35 ||   348
